[Event "*** Titled Tuesday 3|2 Blitz"]
[Site "Chess.com"]
[Date "2016.03.01"]
[Round "5"]
[White "FairChess_on_YouTube"]
[Black "MITerryble"]
[Result "1-0"]
[WhiteElo "2763"]
[BlackElo "2651"]
[TimeControl "180+2"]
[EndTime "17:53:52 PST"]
[Termination "FairChess_on_YouTube won by resignation"]

1. d4 e6 2. Nf3 Nf6 3. c4 Bb4+ 4. Nbd2 O-O 5. a3 Be7 6. e4 d6 7. Bd3 c5 8. d5 e5 9. b4 Na6 10. Rb1 g6 11. O-O Nh5 12. Nb3 b6 13. Re1 Bd7 14. Bh6 Re8 15. Qc2 Bf6 16. g3 Bg7 17. Bg5 Bf6 18.
Be3 Be7 19. b5 Nc7 20. a4 a5 21. Nbd2 Bf6 22. Kf1 Bg4 23. Ke2 Bg5 24. Kd1 Bxe3 25. Rxe3 Rf8 26. Kc1 Bxf3 27. Rxf3 Ne8 28. Kb2 Ra7 1-0

[Event "*** Titled Tuesday 3|2 Blitz"]
[Site "Chess.com"]
[Date "2016.03.01"]
[Round "5"]
[White "Titus369"]
[Black "Gau_truc_lon"]
[Result "1-0"]
[WhiteElo "2279"]
[BlackElo "2138"]
[TimeControl "180+2"]
[EndTime "17:55:05 PST"]
[Termination "Titus369 won by resignation"]

1. e4 e5 2. Nf3 Nc6 3. Bb5 a6 4. Ba4 Nf6 5. O-O Nxe4 6. Re1 Nc5 7. Bxc6 dxc6 8. d4 Ne6 9. Nxe5 Be7 10. c3 O-O 11.
Nf3 Re8 12. Be3 Nf8 13. Nbd2 Nd7 14. Nf1 Nf6 15. Ng3 Ng4 16. Bf4 Be6 17. h3 Nf6 18.
Ng5 Bd5 19. Be5 h6 20. Nf3 c5 21. Nf5 cxd4 22. cxd4 Bf8 23. Nh2 g6 24. Ne3 Bc6 25.
Nhg4 Nxg4 26. Qxg4 Rc8 27. a3 Qd7 28. Qf4 Bg7 29.
Bxg7 Kxg7 30. Ng4 Rxe1+ 31. Rxe1 Rh8 32. Qe5+ 1-0

[Event "*** Titled Tuesday 3|2 Blitz"]
[Site "Chess.com"]
[Date "2016.03.01"]
[Round "5"]
[White "jcgs1030"]
[Black "josiwales"]
[Result "1-0"]
[WhiteElo "2216"]
[BlackElo "2084"]
[TimeControl "180+2"]
[EndTime "17:55:08 PST"]
[Termination "jcgs1030 won by checkmate"]

1. e4 c5 2. Nf3 Nc6 3. Bb5 Na5 4. O-O a6 5. Be2 b5 6. d4 e6 7. a4 b4 8. b3 Bb7 9. Nbd2 cxd4 10. Nxd4 Bc5 11. Bb2 Nf6 12. Bf3 O-O 13. Re1 Rc8 14.
Nf1 Qb6 15. e5 Nd5 16. Ne3 Nf4 17. Bxb7 Qxb7 18. Qg4 Ng6 19. h4 Nxe5 20. Qg3 Bd6 21. Ndf5 exf5 22. Nxf5 Nf3+ 23. Qxf3 Qxf3 24. gxf3 Rxc2 25.
Bxg7 Bc5 26. Bf6 Rc8 27. Kh1 Bxf2 28. Rg1+ Bxg1 29. Rxg1+ Kf8 30. Be7+ Ke8 31. Rg8# 1-0

[Event "*** Titled Tuesday 3|2 Blitz"]
[Site "Chess.com"]
[Date "2016.03.01"]
[Round "5"]
[White "TheMagician"]
[Black "ethylalcohol"]
[Result "1-0"]
[WhiteElo "2142"]
[BlackElo "1722"]
[TimeControl "180+2"]
[EndTime "17:55:22 PST"]
[Termination "TheMagician won on time"]

1. c4 e5 2. Nc3 Nf6 3. g3 Bc5 4. Bg2 O-O 5. e3 c6 6. Nge2 d5 7. d4 exd4 8. exd4 Bb4 9. cxd5 Nxd5 10. O-O Bg4 11. Qb3 Na6 12. Nxd5 cxd5 13. Nf4 Qa5 14. a3 Rad8 15. Be3 Bd6 16. Qxd5 Qb6 17. Qxb7 Rb8 18. Qxb6 Rxb6 19. b4 Nc7 20. Nd5 Nxd5 21. Bxd5 1-0

[Event "*** Titled Tuesday 3|2 Blitz"]
[Site "Chess.com"]
[Date "2016.03.01"]
[Round "5"]
[White "evgenyermolaev"]
[Black "chesstatour"]
[Result "1-0"]
[WhiteElo "2095"]
[BlackElo "1994"]
[TimeControl "180+2"]
[EndTime "17:55:27 PST"]
[Termination "evgenyermolaev won on time"]

1. e4 c6 2. Nf3 d5 3. Nc3 dxe4 4. Nxe4 Nf6 5. Nxf6+ gxf6 6. d4 Bg4 7. Bf4 e6 8.
Be2 Bd6 9. Qd2 Qc7 10. Bxd6 Qxd6 11. O-O-O Nd7 12. h3 Bh5 13. Kb1 Bg6 14. Bd3 O-O-O 15.
h4 Nb6 16. h5 Bxd3 17. Qxd3 h6 18. g3 Qd5 19. b3 Kb8 20. c4 Qd7 21. Qe3 Qc7 22. Rh4 e5 23. dxe5 Rxd1+ 24. Kc2 Rhd8 25. Qxh6 fxe5 26. Qe3 f5 27. Nxe5 R8d2+ 28. Kc3 Nd5+ 29. cxd5 Qa5+ 30. Rb4 cxd5 31. Nc6+ 1-0

[Event "*** Titled Tuesday 3|2 Blitz"]
[Site "Chess.com"]
[Date "2016.03.01"]
[Round "5"]
[White "gumersindo"]
[Black "yopino"]
[Result "1-0"]
[WhiteElo "2323"]
[BlackElo "2188"]
[TimeControl "180+2"]
[EndTime "17:55:39 PST"]
[Termination "gumersindo won by resignation"]

1. d4 Nf6 2. c4 e6 3. Nc3 Bb4 4. Qc2 Nc6 5. Nf3 d6 6. e3 O-O 7. Bd2 Qe7 8. a3 Bxc3 9. Bxc3 e5 10. d5 Nb8 11. Be2 a5 12. b3 Nbd7 13. O-O Nc5 14. Nd2 b6 15. b4 Nb7 16. Rae1 Bd7 17. Bd3 axb4 18. axb4 b5 19. e4 bxc4 20. Nxc4 Bb5 21. Ne3 Bd7 22. Ra1 Nh5 23. Rfc1 Nf4 24. Bf1 Rac8 25.
Ra7 Nd8 26. Bd2 c5 27. Bb5 Qg5 28. Bxd7 Rb8 29. bxc5 Ne2+ 30. Kh1 Nxc1 31. Bxc1 dxc5 32. Nf5 Qf6 33. h3 Rb4 34. Be3 Rb7 35. Qxc5 Rxa7 36.
Qxa7 g6 37. Nh6+ Kg7 38. Ng4 Qh4 39. Qc7 f5 40. Qxe5+ Kg8 41. Be6+ Nxe6 42. Qxe6+ Rf7 43. Nh6+ 1-0

[Event "*** Titled Tuesday 3|2 Blitz"]
[Site "Chess.com"]
[Date "2016.03.01"]
[Round "5"]
[White "Tesla17"]
[Black "Quiet_Desperation"]
[Result "0-1"]
[WhiteElo "2274"]
[BlackElo "2239"]
[TimeControl "180+2"]
[EndTime "17:55:40 PST"]
[Termination "Quiet_Desperation won by checkmate"]

1. d4 Nf6 2. c4 e6 3. Nc3 Bb4 4. e3 b6 5. Ne2 Ba6 6. a3 Bxc3+ 7. Nxc3 d5 8. Qf3 O-O 9. b3 c6 10. Bd3 Nbd7 11. g4 e5 12. Qg3 exd4 13. exd4 Re8+ 14. Be3 dxc4 15. bxc4 Nd5 16. Bxh7+ Kxh7 17. cxd5 Nf6 18. d6 Bc4 19. h4 Nd5 20. Nxd5 Bxd5 21. Rh3 Qd7 22. g5 Re6 23. h5 Rae8 24. g6+ Kg8 25. gxf7+ Qxf7 26. h6 Rg6 27. Qh2 Rg2 28. h7+ Kh8 29.
d7 Rxe3+ 30. Kd1 Re1+ 31. Kc2 Qxf2+ 32. Kc3 Qc2+ 33. Kb4 Qc4# 0-1

[Event "*** Titled Tuesday 3|2 Blitz"]
[Site "Chess.com"]
[Date "2016.03.01"]
[Round "5"]
[White "jcibarra"]
[Black "ArnaudovP"]
[Result "1-0"]
[WhiteElo "2493"]
[BlackElo "2303"]
[TimeControl "180+2"]
[EndTime "17:55:58 PST"]
[Termination "jcibarra won by resignation"]

1. e4 e5 2. Nf3 Nc6 3. Bb5 a6 4.
Bxc6 dxc6 5. O-O Qf6 6. d4 exd4 7. Bg5 Qd6 8. Nxd4 Bd7 9. Nc3 Ne7 10. Bh4 c5 11. Nb3 Qxd1 12. Raxd1 b6 13. Rd2 O-O-O 14. Rfd1 f6 15. a4 Nc6 16. Nd5 Be6 17. Bg3 Bxd5 18.
exd5 Ne5 19. Bxe5 fxe5 20. c4 Bd6 21. Re2 Kb7 22. Nd2 Rhf8 23. Ne4 b5 24. axb5 axb5 25. b3 b4 26. Ng5 Rf5 27. Ne6 Ra8 28. Nxg7 Rf4 29.
Ne6 Rg4 30. g3 Ra3 31. Re3 Rg8 32. Kg2 Rga8 33. Rde1 Ra2 34. Rf3 Rb2 35. g4 Ra3 36.
Ree3 e4 37. Rh3 Kb6 38. g5 Be5 39. Rxe4 Bc3 40. Rxh7 Raxb3 41. Rxc7 Ra3 42. Rxc5 Raa2 43. Rb5+ Ka6 44. Nc5+ Ka7 45. Rb7+ 1-0

[Event "*** Titled Tuesday 3|2 Blitz"]
[Site "Chess.com"]
[Date "2016.03.01"]
[Round "5"]
[White "Goala"]
[Black "dretch"]
[Result "0-1"]
[WhiteElo "2251"]
[BlackElo "2556"]
[TimeControl "180+2"]
[EndTime "17:57:04 PST"]
[Termination "dretch won on time"]

1. d4 d5 2. c4 c6 3. Nc3 dxc4 4.
e4 b5 5. a4 b4 6. Nce2 Ba6 7. Ng3 e5 8. Nf3 exd4 9. Nxd4 Bc5 10.
Be3 Nf6 11. Nxc6 Qxd1+ 12. Rxd1 Nxc6 13. Bxc5 Nd7 14. Bd6 O-O-O 15. Be2 Nb6 16. b3 Kb7 17. O-O cxb3 18. Bb5 Nc4 19. Bxc6+ Kxc6 20. Bxb4 Rxd1 21. Rxd1 Rb8 22. Bc3 b2 23. Bxb2 Rxb2 24. Nf5 g6 25. Nh6 Rd2 26. Rc1 Rd7 27. h4 Kb6 28. Ng4 f5 29.
Nf6 Rf7 30. Nd5+ Ka5 31. e5 Nxe5 32. Rc5+ Kxa4 33. Nc7 Bb7 34. Ne6 Nc6 35. Rc1 Ka3 36.
Rb1 Nb4 37. Nc5 Bd5 38. Kh2 a5 39. Kg3 Rc7 0-1

[Event "*** Titled Tuesday 3|2 Blitz"]
[Site "Chess.com"]
[Date "2016.03.01"]
[Round "5"]
[White "GrigorGrigorov"]
[Black "SenseiJulio"]
[Result "1-0"]
[WhiteElo "2539"]
[BlackElo "2598"]
[TimeControl "180+2"]
[EndTime "17:57:08 PST"]
[Termination "GrigorGrigorov won by resignation"]

1. d4 d5 2. Nf3 Nf6 3. c4 e6 4. e3 c5 5. cxd5 exd5 6. Bb5+ Nc6 7. O-O Bd6 8. dxc5 Bxc5 9. Nc3 O-O 10. b3 Bg4 11. Bb2 a6 12. Bxc6 bxc6 13. Rc1 Qd6 14. Ne2 Ne4 15. Qc2 Rac8 16. Ng3 Nxg3 17. hxg3 Ba7 18.
Ne5 Be6 19. Nd3 c5 20. Nf4 Rfd8 21. Rfd1 d4 22. Qe4 Bd7 23. b4 cxb4 24. Rxc8 Rxc8 25. Bxd4 a5 26. Qb7 Bb8 27. Nd5 h6 28. Bb2 Re8 29.
Nf6+ Qxf6 30. Bxf6 Ba4 31. Rd8 1-0

[Event "*** Titled Tuesday 3|2 Blitz"]
[Site "Chess.com"]
[Date "2016.03.01"]
[Round "5"]
[White "Shivagami"]
[Black "Recombinant"]
[Result "0-1"]
[WhiteElo "1797"]
[BlackElo "2204"]
[TimeControl "180+2"]
[EndTime "17:57:31 PST"]
[Termination "Recombinant won by resignation"]

1. e4 d6 2. d4 Nf6 3. Nc3 g6 4. f4 Bg7 5. Nf3 c5 6. Bb5+ Bd7 7. Bxd7+ Nfxd7 8. O-O O-O 9. Be3 Nc6 10. d5 Na5 11. Qe2 a6 12. e5 dxe5 13. fxe5 Nxe5 14.
Bxc5 Nxf3+ 15. Rxf3 Bxc3 16. bxc3 Qxd5 17. Qxe7 Nc6 18.
Qd6 Rfd8 19. Qxd5 Rxd5 20. Be3 b5 21. Raf1 f5 22. h3 Ne5 23. R3f2 Nc4 24. Bd4 b4 25. Rf4 bxc3 26. Bxc3 Ne3 27. R1f2 Rc8 28. Bd4 Nxc2 29. Bb2 Ne3 30. R4f3 Nd1 31. Re2 Nxb2 32. Rxb2 Rc6 33. Kh2 Kg7 34. Re3 Rd7 35. g3 Rcd6 36. Kg2 Rd2+ 37. Rxd2 Rxd2+ 38. Kf3 Rxa2 39. Re7+ Kh6 40. g4 Ra3+ 41. Kg2 fxg4 42. hxg4 a5 43. Ra7 Kg5 44. Rxh7 Kxg4 45. Ra7 Ra2+ 46. Kf1 g5 47. Ke1 Kg3 48. Rc7 Ra3 49. Rc5 g4 50. Rc4 Kh3 51. Rc8 g3 52.
Rh8+ Kg2 53. Rg8 Re3+ 54. Kd2 Re5 55. Rf8 Kh2 56. Rh8+ Kg1 57. Rg8 g2 58. Rg7 Kh2 59. Rh7+ Kg3 60. Rg7+ Kh3 61. Rh7+ Kg4 62. Rg7+ Rg5 0-1

[Event "*** Titled Tuesday 3|2 Blitz"]
[Site "Chess.com"]
[Date "2016.03.01"]
[Round "5"]
[White "Izoria123"]
[Black "MinhGTrAn"]
[Result "1-0"]
[WhiteElo "2592"]
[BlackElo "2668"]
[TimeControl "180+2"]
[EndTime "17:57:47 PST"]
[Termination "Izoria123 won by resignation"]

1. d4 Nf6 2. Bf4 e6 3. e3 c5 4.
Nd2 Nc6 5. c3 d5 6. Ngf3 Bd6 7.
Bg3 O-O 8. Bb5 Ne7 9. Bd3 Nf5 10. Bxf5 exf5 11. Bxd6 Qxd6 12. dxc5 Qxc5 13. O-O Be6 14. Nd4 g6 15. Qb3 Qc7 16. g3 Rac8 17. Rfd1 Rfd8 18. N2f3 Ne4 19. Qa3 a6 20. Ne2 f4 21. Nxf4 Bg4 22.
Kg2 d4 23. Rxd4 Bxf3+ 24. Kxf3 Qc6 25. Rxe4 Re8 26. Qa4 b5 27. Qd4 f5 28. Rd1 Qxe4+ 29. Qxe4 fxe4+ 30. Ke2 Rcd8 31. Rd4 g5 32. Nd5 Kg7 33. Nc7 Rc8 34. Nxe8+ Rxe8 35. Rd7+ Kg6 36. Rd6+ Kf5 37. Rxa6 h5 38. h3 h4 39. g4+ Ke5 40.
Ra5 Rd8 41. Rxb5+ 1-0

[Event "*** Titled Tuesday 3|2 Blitz"]
[Site "Chess.com"]
[Date "2016.03.01"]
[Round "5"]
[White "vellottiwizard"]
[Black "chessking2151"]
[Result "1-0"]
[WhiteElo "2463"]
[BlackElo "2312"]
[TimeControl "180+2"]
[EndTime "17:57:47 PST"]
[Termination "vellottiwizard won by resignation"]

1. e4 c5 2. Nf3 Nc6 3. d4 cxd4 4. Nxd4 g6 5. Nc3 Bg7 6. Be3 Nf6 7. Be2 O-O 8. Nb3 d6 9. O-O a5 10. a4 Be6 11. f4 Nd7 12. Bb5 Nb4 13. Nd4 Nc5 14. f5 Bd7 15. Bc4 Rc8 16. Qe2 Nc6 17. Rad1 Ne5 18. Ba2 Nxa4 19. Nxa4 Bxa4 20. Bf4 Qb6 21. Kh1 Nd7 22. Be3 Qxb2 23. Bd5 Ne5 24. Ra1 Bc6 25. Nxc6 bxc6 26. Bb3 c5 27. Bd5 Nc6 28.
Rab1 Qc3 29. Rb3 Qe5 30. Rb7 Nd4 31. Qc4 e6 32. fxe6 fxe6 33. Rxf8+ Rxf8 34. Bxd4 cxd4 35. Bxe6+ Kh8 36. Bd5 d3 37. Rb1 d2 38. Rd1 Qc3 39.
Qe2 Bh6 40. Bb3 Qd4 41. h3 Rf2 42. Qg4 Bf8 43. Qe6 Qg7 44. Qd5 Re2 45. Rxd2 Qa1+ 46. Kh2 Qe5+ 47. Qxe5+ dxe5 48. Rxe2 1-0

[Event "*** Titled Tuesday 3|2 Blitz"]
[Site "Chess.com"]
[Date "2016.03.01"]
[Round "5"]
[White "AlexanderL"]
[Black "Zazuliak"]
[Result "1-0"]
[WhiteElo "2580"]
[BlackElo "2341"]
[TimeControl "180+2"]
[EndTime "17:57:54 PST"]
[Termination "AlexanderL won on time"]

1. d4 Nf6 2. c4 g6 3. Nc3 Bg7 4. e4 d6 5. Nf3 O-O 6. Be2 Na6 7. O-O e5 8. Be3 Ng4 9. Bg5 Qe8 10. h3 h6 11. Bh4 Nf6 12. Bxf6 Bxf6 13. c5 exd4 14. Nd5 Bd8 15. Bxa6 bxa6 16. cxd6 Qxe4 17. Ne7+ Bxe7 18.
Re1 Qf4 19. dxe7 Re8 20. Qxd4 Qxd4 21. Nxd4 c5 22. Nb3 Be6 23. Nxc5 Rxe7 24. Nxe6 Rxe6 25.
Rxe6 fxe6 26. Rc1 Rb8 27. b3 Rb6 28. Rc7 h5 29. Rxa7 h4 30. Kf1 Rd6 31. Ke2 Rc6 32.
Kd3 Rd6+ 33. Ke3 Rc6 34. Kf3 Kf8 35. Ke3 g5 36. Kd3 Rd6+ 37. Kc2 Rc6+ 38. Kb2 Rd6 39.
Rc7 Rd2+ 40. Rc2 Rd6 41. Ka3 Kf7 42. Ka4 Rd5 43. b4 Kf6 44. a3 Kf5 45. Rc5 Ke4 46. Rc6 e5 47. Rxa6 Rd2 48. Rf6 1-0

[Event "*** Titled Tuesday 3|2 Blitz"]
[Site "Chess.com"]
[Date "2016.03.01"]
[Round "5"]
[White "Hikaru"]
[Black "DanielNaroditsky"]
[Result "1-0"]
[WhiteElo "2866"]
[BlackElo "2586"]
[TimeControl "180+2"]
[EndTime "17:58:20 PST"]
[Termination "Hikaru won by resignation"]

1. c4 e5 2. g3 Nc6 3. Nc3 Bc5 4. e3 a6 5. a3 Ba7 6. b4 d6 7. d3 Nge7 8. Bg2 h5 9. h3 h4 10. g4 f5 11. Rb1 O-O 12. g5 Be6 13. Qh5 Bf7 14. Qxh4 Ng6 15. Qg3 e4 16. dxe4 Bxc4 17. f4 fxe4 18. Bxe4 Qe8 19. Nge2 d5 20. Bg2 d4 21.
Nd5 Qf7 22. e4 d3 23. Nec3 Nd4 24. f5 Nxf5 25. exf5 Qxf5 26. Kd1 Rae8 27. Bd2 Re2 28. Nxe2 dxe2+ 29. Kc1 Bxd5 30. Re1 Bf2 31. Bxd5+ Qxd5 32. Qb3 Qxb3 33. Rxb3 Bxe1 34. Bxe1 Nf4 35. Re3 Rd8 36.
Bg3 Rd3 37. Rxd3 Nxd3+ 38. Kd2 e1=Q+ 39. Bxe1 Nxe1 40. Kxe1 Kf7 41. Kf2 Kg6 42. h4 Kh5 43. Kg3 g6 44. Kh3 b6 45. a4 c5 46. a5 c4 47.
axb6 1-0

[Event "*** Titled Tuesday 3|2 Blitz"]
[Site "Chess.com"]
[Date "2016.03.01"]
[Round "5"]
[White "davidarenas1224"]
[Black "GM_Huschenbeth"]
[Result "0-1"]
[WhiteElo "2203"]
[BlackElo "2407"]
[TimeControl "180+2"]
[EndTime "17:58:35 PST"]
[Termination "GM_Huschenbeth won by resignation"]

1. e4 e6 2. d4 d5 3. Nc3 Bb4 4. e5 c5 5. a3 Bxc3+ 6. bxc3 Ne7 7. Qg4 O-O 8. Bd3 Nbc6 9. Qh5 Ng6 10. Nf3 Qc7 11. Bd2 c4 12. Bxg6 fxg6 13. Qg4 Qf7 14. h4 Qf5 15. Qxf5 Rxf5 16. Ke2 Bd7 17.
g4 Rff8 18. Ne1 b5 19. h5 gxh5 20. Rxh5 Be8 21. Rh2 Bg6 22. Ra2 Rf7 23. Ng2 Raf8 24. Nh4 Be4 25. Rb2 a6 26. Be3 h6 27. Rh3 g5 28. f3 Bh7 29. Ng2 Kg7 30. Bd2 Ne7 31. Ne3 Bg6 32. Rb1 Nc6 33. Rbh1 Rh8 34. Kd1 a5 35. Ng2 b4 36. axb4 axb4 37. Bxg5 hxg5 38. Rxh8 bxc3 39. Rc8 Nxd4 40. Rhh8 Bxc2+ 41. Kc1 Bh7 42. Ne1 Ra7 43. Ra8 Rf7 44. Rhe8 c2 45. Nxc2 Bxc2 46.
Rg8+ Kh6 47. Ra2 Rxf3 48. Rxc2 Nxc2 49. Kxc2 Re3 0-1

[Event "*** Titled Tuesday 3|2 Blitz"]
[Site "Chess.com"]
[Date "2016.03.01"]
[Round "5"]
[White "Kawhi_Leonard2"]
[Black "GMHess"]
[Result "1/2-1/2"]
[WhiteElo "2088"]
[BlackElo "2613"]
[TimeControl "180+2"]
[EndTime "17:58:35 PST"]
[Termination "Game drawn by repetition"]

1. e4 g6 2. d4 Bg7 3. Nc3 d6 4. Nf3 c6 5. a4 Nf6 6. Be2 O-O 7. O-O Nbd7 8. a5 e5 9. Be3 Qe7 10. dxe5 dxe5 11. Nd2 Nc5 12. f3 Rd8 13. Qc1 Ne6 14.
Rd1 Nd4 15. Bf1 Nh5 16. Na4 Nf4 17. Kh1 Nde2 18. Qb1 Qh4 19. Nc4 Be6 20. Bxf4 Bxc4 21. Bxe2 Bxe2 22. Rxd8+ Rxd8 23. Bg3 Qg5 24. Nc3 Ba6 25.
Qg1 h5 26. Qxa7 Rd2 27. Qb8+ Kh7 28. f4 exf4 29. Qxf4 Qxf4 30. Bxf4 Rxc2 31. e5 Rxb2 32. Ne4 Rb4 33. Ng5+ Kg8 34. g3 Bc4 35. Kg1 Rb2 36. h4 Bf8 37. Ne4 Re2 38. Nd6 Ba6 39.
Rb1 c5 40. Nxb7 c4 41. Nd6 c3 42. Rb6 Bd3 43. a6 Ra2 44. Rc6 c2 45. Rc8 Kg7 46.
Ne8+ Kg8 47. Nf6+ Kg7 48. Ne8+ Kh8 49. Nf6 Kg7 50. Ne8+ Kg8 51. Nf6+ Kg7 52. Ne8+ Kg8 1/2-1/2

[Event "*** Titled Tuesday 3|2 Blitz"]
[Site "Chess.com"]
[Date "2016.03.01"]
[Round "5"]
[White "MMSANCHEZ"]
[Black "Iwannabetheguy"]
[Result "1-0"]
[WhiteElo "2265"]
[BlackElo "2001"]
[TimeControl "180+2"]
[EndTime "17:58:57 PST"]
[Termination "MMSANCHEZ won by resignation"]

1. d4 Nf6 2. Nf3 c5 3. d5 g6 4.
Nc3 Bg7 5. e4 d6 6. Bd3 O-O 7.
h3 Nbd7 8. O-O Ne8 9. Bf4 Nc7 10. Qd2 Rb8 11. a4 a6 12. a5 b5 13. axb6 Rxb6 14.
Rab1 Nb5 15. Na4 Rb8 16. Bh6 Nb6 17. Nxb6 Qxb6 18. Bxg7 Kxg7 19. b4 Nd4 20. Nxd4 cxd4 21. c3 Bd7 22. Bc4 dxc3 23. Qxc3+ Kg8 24. Qd3 Bb5 25.
Rfc1 Bxc4 26. Rxc4 Rfc8 27. Rbc1 Rxc4 28. Rxc4 h5 29. Qc3 Kh7 30. Qf3 f6 31. Kh2 a5 32.
bxa5 Qxa5 33. g4 h4 34. Rc6 Qa1 35. Rc7 Qe5+ 36. Kg2 Rb2 37. Qe3 g5 38. Qf3 Kg6 39. Qf5+ Qxf5 40. gxf5+ Kf7 41. Kf3 Rd2 42. Rc1 Rb2 43. Rf1 Kg7 44. Kg4 Kh6 45. Kf3 Rb3+ 46. Kg2 Rb2 47. Rc1 Re2 48. Kf3 Rb2 49. Rc7 Kh5 50.
Rxe7 Rb3+ 51. Kg2 g4 52. Rh7+ Kg5 53. Rg7+ Kf4 54. Rxg4+ Ke5 55. Rxh4 Rb2 56. Rg4 Rb7 57. h4 Rh7 58. Kg3 Rh6 59. Rg6 Rh7 60. f3 Kd4 61. Rxf6 Ke3 62. Kg4 1-0

[Event "*** Titled Tuesday 3|2 Blitz"]
[Site "Chess.com"]
[Date "2016.03.01"]
[Round "5"]
[White "Fins0905"]
[Black "Miguelito"]
[Result "1-0"]
[WhiteElo "2451"]
[BlackElo "2293"]
[TimeControl "180+2"]
[EndTime "17:59:12 PST"]
[Termination "Fins0905 won by resignation"]

1. e4 c5 2. b3 g6 3. Bb2 Nf6 4.
e5 Nd5 5. Bc4 Nb6 6. e6 f6 7.
exd7+ Qxd7 8. Bd3 Nc6 9. Nf3 Bg7 10. h4 e5 11. h5 f5 12. Bb5 e4 13. Ne5 Qe7 14.
Nxc6 bxc6 15. Bxc6+ Bd7 16. Bxg7 Qxg7 17. Bxd7+ Nxd7 18.
Nc3 O-O 19. hxg6 hxg6 20. Qe2 Ne5 21. Qa6 Rf6 22. Qb5 Rc8 23. O-O-O Rb6 24. Qa5 c4 25. Qd5+ Nf7 26. Rh3 cxb3 27. axb3 Rd6 28. Qa5 Qd4 29. Kb2 Rdc6 30. Rhh1 Ne5 31. f3 e3 32.
Kb1 exd2 33. Ne2 Qc5 34. Qxc5 Rxc5 35. Rxd2 Kg7 36. Nd4 Kf6 37. Re1 g5 38. Kb2 g4 39.
f4 Ng6 40. Re6+ Kf7 41. g3 Rd5 42. Ra6 Rc7 43. c3 Ne7 44. Re2 Rcd7 45. Kc2 Rc7 46. Kd3 Rdc5 47. c4 Rd7 48. Re5 Rc8 49. Ke3 Rcd8 50.
Nxf5 Rd3+ 51. Ke4 Ng6 52. Nh6+ Kg7 53. Nf5+ Kh7 54. Rxa7+ Kh8 55. Rd5 R8xd5 56. cxd5 Rxb3 57. d6 Rb4+ 58. Kd5 Rb5+ 59. Ke6 1-0

[Event "*** Titled Tuesday 3|2 Blitz"]
[Site "Chess.com"]
[Date "2016.03.01"]
[Round "5"]
[White "chessdude"]
[Black "Dlugy"]
[Result "1/2-1/2"]
[WhiteElo "2394"]
[BlackElo "2600"]
[TimeControl "180+2"]
[EndTime "17:59:26 PST"]
[Termination "Game drawn - insufficient material"]

1. e4 c5 2. Nf3 d6 3. d4 cxd4 4. Nxd4 Nf6 5. Nc3 Nc6 6. Bg5 e6 7. Qd2 a6 8. O-O-O h6 9. Be3 Nxd4 10. Bxd4 b5 11. Bd3 Be7 12. f3 Bb7 13. Kb1 O-O 14. g4 b4 15. Ne2 e5 16. Be3 d5 17. exd5 Bxd5 18. Rhf1 Qa5 19. b3 Rfd8 20. Qe1 e4 21. fxe4 Nxe4 22. Rf5 Nc3+ 23. Nxc3 bxc3 24. Bc4 Bh4 25.
Qxh4 Bxc4 26. Rxd8+ Qxd8 27. Qxd8+ Rxd8 28. bxc4 Rd1+ 29. Bc1 Rd4 30. c5 Rb4+ 31. Ka1 Rxg4 32. a3 Kf8 33. Re5 f6 34. Re6 Rc4 35. Be3 f5 36.
Ka2 Kf7 37. Kb3 Rh4 38. Rxa6 f4 39. Bg1 Rg4 40. c6 Ke6 41. c7+ Kd7 42. Bb6 Rg6 43.
Kxc3 f3 44. Ra8 Rc6+ 45. Kd2 f2 46. Rd8+ Ke7 47. Bxf2 Rxc7 48. Rd3 Rc4 49. Bd4 g5 50. Bc3 h5 51. h3 Ke6 52. Bb4 g4 53. hxg4 Rxg4 54. c3 h4 55. a4 Rg2+ 56. Ke3 Kf5 57. Kd4 Kg4 58. a5 h3 59. Rxh3 Kxh3 60. Kc5 Kg4 61. a6 Kf5 62. Kb6 Rg6+ 63. Kb7 Rg7+ 64.
Kc6 Ke4 65. Bc5 Kd3 66. Bd4 Rh7 67. Kb5 Rh5+ 68. Kb4 Rh7 69. a7 Rb7+ 70. Bb6 Rxb6+ 71. Ka5 Rb3 72. Ka6 Kxc3 73. a8=Q Ra3+ 74. Kb7 Rxa8 75. Kxa8 1/2-1/2

[Event "*** Titled Tuesday 3|2 Blitz"]
[Site "Chess.com"]
[Date "2016.03.01"]
[Round "5"]
[White "Aygehovit1992"]
[Black "tigra"]
[Result "1/2-1/2"]
[WhiteElo "2412"]
[BlackElo "2404"]
[TimeControl "180+2"]
[EndTime "18:00:03 PST"]
[Termination "Game drawn by agreement"]

1. e4 c5 2. Nf3 Nc6 3. Bb5 g6 4. Bxc6 dxc6 5. d3 Bg7 6. h3 Nf6 7. Nc3 b6 8. Be3 e5 9. Qd2 Nd7 10. Bh6 O-O 11. O-O-O f6 12. Bxg7 Kxg7 13. g4 Re8 14. h4 Nf8 15. Rdg1 Ne6 16. Nd1 Nf4 17. Ne3 Be6 18. Kb1 a5 19. g5 h6 20. gxh6+ Kh7 21.
Ng2 Nh5 22. Ne3 Ra7 23. Qc3 Bf7 24. Ng4 a4 25. a3 Rd7 26. Ngxe5 fxe5 27. Nxe5 Rc7 28. Nf3 Qf6 29. Ng5+ Kxh6 30. Qd2 Qf4 31. Qd1 Rf8 32. Rg4 Qxf2 33. Rhg1 Be8 34. Ne6 Re7 35. Nxf8 Qxf8 36. Rf1 Rf7 37. Rxg6+ Kxg6 38. Qg4+ Kh7 39. Qxh5+ Kg8 40. Qg5+ Qg7 41. Rxf7 Qxg5 42. hxg5 Kxf7 43. b3 axb3 44. cxb3 Kg6 45. Kc2 Kxg5 46. Kc3 Kf6 47. d4 cxd4+ 48. Kxd4 Ke6 49. b4 Kd6 50. e5+ Ke6 51.
a4 Bd7 52. a5 bxa5 53. bxa5 Bc8 54. Kc5 Bb7 55. Kb6 Ba8 56. a6 Kxe5 57. Ka7 c5 58. Kxa8 c4 59. a7 c3 60. Kb7 c2 61. a8=Q c1=Q 62. Qe8+ Kd6 63. Qd8+ 1/2-1/2

[Event "*** Titled Tuesday 3|2 Blitz"]
[Site "Chess.com"]
[Date "2016.03.01"]
[Round "5"]
[White "maciek_92"]
[Black "hermionegrangermagic"]
[Result "1-0"]
[WhiteElo "2455"]
[BlackElo "2304"]
[TimeControl "180+2"]
[EndTime "18:00:35 PST"]
[Termination "maciek_92 won by checkmate"]

1. c4 e6 2. Nf3 d5 3. g3 Nf6 4.
d4 Be7 5. Bg2 O-O 6. Qc2 dxc4 7.
Qxc4 a6 8. Qc2 Nbd7 9. O-O c5 10. Rd1 cxd4 11. Nxd4 Bc5 12. Nc3 Qe7 13. Nb3 Ba7 14. Bd2 Nc5 15. Nxc5 Bxc5 16. Na4 Ba7 17. a3 Ng4 18. e3 Qf6 19. Bb4 Re8 20. Nc5 a5 21. Be1 Rb8 22. Rac1 e5 23. Qa4 Bf5 24. Nd7 Bxd7 25.
Rxd7 Nxe3 26. Bh1 e4 27. Rxb7 Bd4 28. Rxb8 Rxb8 29. Qb3 Qb6 30. Qxb6 Bxb6 31. Bxe4 Ng4 32. Bf3 Ne5 33. Be2 h6 34. Bc3 Ng6 35. Rd1 Re8 36. Bb5 Rc8 37. Rd6 Bc5 38. Rc6 Rxc6 39. Bxc6 Bb6 40. Kf1 Ne7 41. Be4 Kf8 42. f4 f5 43.
Bb7 g5 44. fxg5 hxg5 45. Bd2 g4 46. b4 axb4 47. Bxb4 Kf7 48. a4 Ba7 49. a5 Ke6 50. Be1 Nd5 51. Bxd5+ Kxd5 52. Bf2 Bb8 53. a6 f4 54.
gxf4 Ke4 55. Be3 Kxe3 56. f5 Kf3 57. f6 Bxh2 58. f7 Bd6 59. a7 g3 60. a8=Q+ Kg4 61. f8=Q Bxf8 62. Qxf8 Kh3 63. Kg1 Kg4 64. Qa3 Kh3 65. Qf3 Kh4 66. Kg2 Kg5 67. Kxg3 Kh6 68. Qg4 Kh7 69. Kf4 Kh6 70. Kf5 Kh7 71. Kf6 Kh8 72. Qg7# 1-0

[Event "*** Titled Tuesday 3|2 Blitz"]
[Site "Chess.com"]
[Date "2016.03.01"]
[Round "5"]
[White "GianmarcoVaR"]
[Black "spectralsoul"]
[Result "1/2-1/2"]
[WhiteElo "2369"]
[BlackElo "2542"]
[TimeControl "180+2"]
[EndTime "18:03:43 PST"]
[Termination "Game drawn by agreement"]

1. Nf3 d5 2. c4 c6 3. e3 Nf6 4.
b3 Bg4 5. Bb2 e6 6. h3 Bh5 7.
Be2 Be7 8. O-O O-O 9. Ne5 Bxe2 10. Qxe2 Nbd7 11. Nxd7 Qxd7 12. d3 Rfd8 13. Rd1 b5 14. Nc3 Qb7 15. Rac1 a6 16. Rc2 Nd7 17. Rdc1 Rac8 18.
cxd5 cxd5 19. Nb1 Bf6 20. Bxf6 Nxf6 21. b4 e5 22. Nd2 e4 23. Nb3 Qa8 24. Nc5 h6 25. a3 Rc6 26. Nb3 Rdc8 27. Nd4 Rxc2 28. Rxc2 Kh7 29. Qd2 Nd7 30. Qc1 Rxc2 31. Qxc2 Ne5 32.
dxe4 dxe4 33. Qc5 f6 34. Nf5 Qb7 35. Nd6 Qa8 36. Qd4 Qc6 37. Qxe4+ Qxe4 38. Nxe4 Nc4 39. Nc5 Nxa3 40. Nxa6 Kg6 41. Nc7 Nc2 42. Nxb5 Nxb4 43. Nd4 Nd5 44. Kf1 h5 45. Ke2 Kf7 46. Kf3 Nc3 47.
e4 g6 48. Ke3 Nd1+ 49. Ke2 Nc3+ 50. Kd3 Nd1 51. Ke2 Nc3+ 52. Kf3 Ke7 53. g3 Kf7 54. Ke3 Nd1+ 55. Ke2 Nc3+ 56. Kf3 Ke7 57. Ne2 Nd1 58. Nf4 Kf7 59. Nd5 Ke6 60. Ke2 Nb2 61. Kd2 Nc4+ 62.
Kd3 Ne5+ 63. Ke3 Nc4+ 64. Ke2 Kf7 65. f4 Ke6 66. Ne3 Nb2 67. f5+ gxf5 68. Nxf5 Ke5 69. Kf3 Nc4 70. Ng7 Nd2+ 71. Kg2 Nxe4 72. Nxh5 f5 73. Kf3 Ng5+ 74. Kg2 Ne4 75. Nf4 Kf6 76. Nd3 Kg5 77. Nf2 Nd2 78. Nd3 Ne4 79. Kf3 Nd2+ 80. Ke3 Nf1+ 81. Kf2 Nd2 82. Nc5 Nc4 83. Ne6+ Kf6 84. Nf4 Kg5 85. Kf3 Nd2+ 86. Kf2 Ne4+ 87. Kg2 Nd2 88. Nd5 Ne4 89. Nb4 f4 90. g4 Kh4 91.
Nd3 f3+ 92. Kxf3 Ng5+ 93. Kf4 Nxh3+ 94. Kf5 Ng5 95. Ne5 Nh3 96. Ng6+ Kg3 97. Ne5 Kh4 98. Nd3 Ng5 99. Nf4 Nf3 100. Ng6+ Kg3 101. Ne7 Nh4+ 102. Kg5 Nf3+ 103. Kh5 Kf4 104. Nf5 Ne5 105. g5 Kxf5 1/2-1/2